cohdb
Replays
Latest Replays
All Replays
Popular Replays
Top Player Replays
Match Explorer
How It Works
Community
CoH3 Stats
Reddit
Sign in to upload your games and track your stats! →
Sign in with Steam
Match 40969457
Unlisted
Match 40969457
Overview
Messages
Build Orders
End
Kettenkrad Recon Vehicle
Construct Infanterie Kompanie
MG 42 Machine Gun Team
Grenadier Squad
Grenadier Squad
Construct Panzergrenadier Kompanie
Panzergrenadier Squad
Selects Breakthrough Battlegroup
Selects Assault Grenadiers
Selects Breakthrough
Medical Bunker
Selects Mechanized Assault Group
Mechanized Assault Group
Pak 40 Anti-tank Gun Team
Construct Panzer Kompanie
Selects Rapid Production
Pioneer Squad
Panzer IV Medium Tank
Pak 40 Anti-tank Gun Team
Panzer IV Medium Tank
Selects Blitzkrieg
Side Skirts
Pioneer Squad
Selects Tiger Heavy Tank
Tiger Heavy Tank
Stoßtruppen Squad
Swan
4-in-1 Petrol lawnmower
Adamir@Magnum.CZ
PlammX
0
0
Comments
sign in to comment!
No comments posted yet!